 Dungeon Crawl Stone Soup version 0.19-a0-1714-gcab94ab (webtiles) character file.

2708 kae the Cleaver (level 9, -1/64 HPs)
             Began as a Formicid Fighter on Sept 28, 2016.
             Was an Initiate of Makhleb.
             Slain by a wolf spider (10 damage)
             ... on level 7 of the Dungeon.
             The game lasted 00:09:03 (6531 turns).

kae the Cleaver (Formicid Fighter)                  Turns: 6531, Time: 00:09:04

Health: -1/64      AC:  9    Str: 25    XL:     9   Next: 97%
Magic:  9/9        EV: 10    Int:  5    God:    Makhleb [......]
Gold:   379        SH: 12    Dex: 10    Spells: 0 memorised, 8 levels left

rFire  . . .     SeeInvis +     a - +0 war axe
rCold  + . .     Gourm    .     m - +0 ring mail of Afrent {rC+ MR+ Regen+}
rNeg   + . .     Faith    .     c - +0 shield
rPois  .         Spirit   .     (helmet unavailable)
rElec  .         Dismiss  .     q - +0 cloak
rCorr  .         Reflect  .     (no gloves)
MR     +....     Harm     +     d - +0 pair of boots
Stlth  ..........               v - amulet of harm
                                I - -2 ring of intelligence (curse)
                                s - ring of positive energy

@: no status effects
A: permanent stasis, dig shafts and tunnels, four strong arms, antennae 3
a: Dig, Shaft Self, Renounce Religion


You were on level 7 of the Dungeon.
You worshipped Makhleb.
Makhleb was noncommittal.
You were not hungry.

You visited 2 branches of the dungeon, and saw 8 of its levels.
You also visited: Bailey.

You collected 379 gold pieces.

Inventory:

Hand Weapons
 a - a +0 war axe (weapon)
Armour
 b - a +0 scale mail
 c - a +0 shield (worn)
 d - a +0 pair of boots (worn)
 m - the +0 ring mail of Afrent (worn) {rC+ MR+ Regen+}
   (You found it on level 4 of the Dungeon)

   It protects you from cold.
   It affects your resistance to hostile enchantments.
   It increases your rate of regeneration.
 q - a +0 cloak (worn)
Rods
 H - a +2 lightning rod (14/14)
   (You found it on level 5 of the Dungeon)
Jewellery
 g - an uncursed ring of wizardry
 p - an uncursed ring of fire
 s - a ring of positive energy (left hand)
 v - an amulet of harm (around neck)
 I - a cursed -2 ring of intelligence (right hand)
Wands
 E - a wand of digging (15/24)
 G - a wand of digging (9/24)
 K - a wand of flame (16/48)
Scrolls
 e - 2 scrolls of magic mapping
 l - a scroll of immolation {unknown}
 y - 2 scrolls of remove curse
Potions
 h - a potion of agility
 z - 2 potions of lignification
 C - 3 potions of curing
 F - 2 potions of mutation
Books
 j - a book of Party Tricks

   Spells                             Type                      Level
   a - Summon Butterflies             Summoning                    1
   b - Apportation                    Translocation                1
   c - Tukima's Dance                 Hexes                        3
   d - Alistair's Intoxication        Transmutation/Poison         5
   e - Invisibility                   Hexes                        6
Comestibles
 f - 7 bread rations
 i - a beef jerky
 k - 3 chunks of flesh
 n - a slice of pizza
 t - 3 fruits
 A - a meat ration


   Skills:
 - Level 3.2 Fighting
 * Level 10.8 Axes
 - Level 3.2 Armour
 + Level 9.4 Shields


You had 8 spell levels left.
You didn't know any spells.

Dungeon Overview and Level Annotations

Branches:
Dungeon (7/15)             Temple (1/1) D:7

Altars:
Ashenzari
Cheibriados
Dithmenos
Elyvilon
Fedhas
Gozag
Makhleb
Okawaru
Sif Muna
Trog
Uskayaw
Yredelemnul
Zin


Innate Abilities, Weirdness & Mutations

You are under a permanent stasis effect.
You can dig through walls and to a lower floor.
Your four strong arms can wield two-handed weapons with a shield.
You have a pair of large antennae on your head. (SInv)


Message History

The wolf spider is heavily wounded.
You block the wolf spider's attack. The wolf spider bites you.
You slash the wolf spider!
The wolf spider is severely wounded.
The wolf spider hits you!
* * * LOW HITPOINT WARNING * * *
The wolf spider bites you.
* * * LOW HITPOINT WARNING * * *
The wolf spider hits you.
* * * LOW HITPOINT WARNING * * *
You block the wolf spider's attack.
Some of the chunks of flesh in your inventory have rotted away.
You feel much better. The wolf spider hits you.
You block the wolf spider's attack.
You hit the wolf spider.
The wolf spider is severely wounded.
The wolf spider hits you!
* * * LOW HITPOINT WARNING * * *
The wolf spider bites you!
You die...

..#......................
..#..........##...##..... {
..#..........##...# ....
..####.####'###...#######
..####.##....##...##>...#########
....#...........................#
....#............................
....#............................
....#...........@s...............
....#............................
.†.###..##...##...##....#########
'#########...##...##....###.....#
..)>.........#.........>........#
..)..........#..................#
.............#..................#
........############.....##...#..
........##...##...###############


You could see a wolf spider.

Vanquished Creatures
  Joseph (D:7)
  A hippogriff (D:7)
  Eustachio (D:4)
  Duvessa (D:4)
  A sky beast (D:6)
  2 ice beasts
  3 ogres
  A big kobold (D:6)
  Dowan (D:4)
  4 howler monkeys
  3 crimson imps
  2 hounds (D:4)
  A jelly (D:5)
  3 orc priests
  2 bullfrog skeletons
  7 orc wizards
  Terence (D:2)
  An iguana (D:6)
  5 worker ants
  3 hound zombies
  Robin (D:4)
  7 gnolls
  A howler monkey skeleton (D:7)
  8 adders
  3 shadow imps
  2 oozes (D:2)
  2 adder skeletons (D:4)
  An adder zombie (D:6)
  5 worms
  2 dart slugs (D:1)
  5 leopard geckos
  35 orcs
  A ball python (D:3)
  5 giant cockroaches
  20 goblins
  12 hobgoblins
  7 jackals
  2 quokkas
  A ball python skeleton (D:5)
  11 bats
  5 frilled lizards
  15 kobolds
  A leopard gecko zombie (D:6)
  A quokka skeleton (D:6)
  9 rats
206 creatures vanquished.

Notes
Turn   | Place    | Note
-------+----------+-------------------------------------------
     0 | D:1      | kae the Formicid Fighter began the quest for the Orb.
     0 | D:1      | Reached XP level 1. HP: 18/18 MP: 1/1
     3 | D:1      | Noticed an electric eel
     3 | D:1      | Noticed an electric eel
    75 | D:1      | Reached XP level 2. HP: 23/24 MP: 2/2
   256 | D:1      | Reached XP level 3. HP: 26/29 MP: 3/3
   258 | D:1      | Reached skill level 3 in Axes
   713 | D:2      | Reached XP level 4. HP: 30/35 MP: 4/4
   842 | D:2      | Found a shadowy altar of Dithmenos.
  1193 | D:2      | Noticed Terence
  1202 | D:2      | Reached skill level 4 in Axes
  1215 | D:2      | Killed Terence
  1215 | D:2      | Reached XP level 5. HP: 29/41 MP: 5/5
  1657 | D:3      | Noticed an ogre
  1672 | D:3      | Killed an ogre
  1672 | D:3      | Reached skill level 5 in Axes
  1672 | D:3      | Reached skill level 5 in Shields
  1672 | D:3      | Reached XP level 6. HP: 9/47 MP: 6/6
  2316 | D:3      | Found a white marble altar of Elyvilon.
  2786 | D:3      | Found a hide-covered altar of Uskayaw.
  2786 | D:3      | Found an opulent altar of Gozag.
  2817 | D:3      | Found a basalt altar of Yredelemnul.
  2922 | D:4      | Reached XP level 7. HP: 52/52 MP: 7/7
  2932 | D:4      | Noticed Eustachio
  2958 | D:4      | Killed Eustachio
  2958 | D:4      | Reached skill level 6 in Axes
  3077 | D:4      | Got a smoking ring mail
  3088 | D:4      | Identified the cursed +0 ring mail of Afrent {rC+ MR+ Regen+} (You found it on level 4 of the Dungeon)
  3296 | D:4      | Noticed Robin
  3317 | D:4      | Killed Robin
  3317 | D:4      | Reached skill level 7 in Axes
  3411 | D:4      | Reached XP level 8. HP: 28/58 MP: 8/8
  3664 | D:4      | Noticed Duvessa
  3664 | D:4      | Noticed Dowan
  3670 | D:4      | Killed Duvessa
  3688 | D:4      | Killed Dowan
  3923 | D:4      | Reached skill level 8 in Axes
  4179 | D:5      | Entered Level 5 of the Dungeon
  4488 | D:5      | Found a shattered altar of Ashenzari.
  4615 | D:5      | Found a snail-covered altar of Cheibriados.
  4995 | D:6      | Reached skill level 9 in Axes
  4995 | D:6      | Reached XP level 9. HP: 63/64 MP: 9/9
  5684 | D:7      | Found a flagged portal.
  5742 | Bailey   | Entered a bailey
  6200 | D:7      | Found a staircase to the Ecumenical Temple.
  6208 | D:7      | Noticed Joseph
  6213 | Temple   | Entered the Ecumenical Temple
  6218 | Temple   | Reached skill level 10 in Axes
  6264 | Temple   | Became a worshipper of Makhleb the Destroyer
  6316 | D:7      | Killed Joseph
  6330 | D:7      | Noticed a hippogriff
  6338 | D:7      | Killed a hippogriff
  6524 | D:7      | Noticed a wolf spider
  6531 | D:7      | Slain by a wolf spider

Vault maps used:
D:1:      arrival_aquarium_b
D:2:      grunt_dithmenos_smoke_and_mirrors, minmay_tromino_mix6, uniq_terence
D:3:      gammafunk_temple_overflow_wave, kennysheep_ying_yang
D:4:      first_bread, uniq_eustachio, uniq_robin, uniq_duvessa
D:5:      lemuel_doored_altar, marbit_many_paths
D:6:      minmay_misc_feat_rugged
D:7:      enter_bailey_7, minmay_the_grid_2x2, uniq_pikel, uniq_joseph
Temple:   dshaligram_water_room_temple
Bailey:   bailey_polearm_5, bailey

Skill      XL: |  1  2  3  4  5  6  7  8  9 |
---------------+----------------------------+-----
Shields        | 4 5 6 7 9 |  9.4
Axes           | 3 4 5 7 9 10 | 10.8
Fighting       | |  3.2
Armour         | |  3.2

Action                   |  1- 3 |  4- 6 |  7- 9 || total
-------------------------+-------+-------+-------++-------
Melee: War axe           |    91 |   220 |   432 ||   743
  Use: Scroll            |       |     7 |     5 ||    12
       Potion            |       |       |    13 ||    13
  Eat: Chunk             |       |     6 |    13 ||    19
Armor: Scale mail        |    39 |    84 |    20 ||   143
       Ring mail         |       |       |   119 ||   119
Dodge: Dodged            |    36 |    68 |   164 ||   268
Block: Shield            |    59 |   103 |   293 ||   455
